 Dungeon Crawl Stone Soup version 0.22.1-5-g62c59d9 (webtiles) character file.

86 Yuikono the Covered (level 4, -1/29 HPs)
             Began as a Gargoyle Fighter on Jan 15, 2019.
             Slain by a hound skeleton (3 damage)
             ... on level 4 of the Dungeon.
             The game lasted 00:03:34 (1885 turns).

Yuikono the Covered (Gargoyle Fighter)              Turns: 1885, Time: 00:03:35

Health: -1/29      AC: 13    Str: 20    XL:     4   Next: 49%
Magic:  4/4        EV:  5    Int:  9    God:
Gold:   167        SH:  9    Dex:  9    Spells: 3/3 levels left

rFire    . . .     SeeInvis .   a - +0 flail
rCold    . . .     Gourm    .   c - +0 shield
rNeg     + . .     Faith    .   p - +0 chain mail
rPois    ∞         Spirit   .   (no helmet)
rElec    +         Reflect  .   (no cloak)
rCorr    .         Harm     .   (no gloves)
MR       .....                  (no boots)
Stlth    ..........             (no amulet)
HPRegen  0.09/turn              (no ring)
MPRegen  0.09/turn              (no ring)

@: no status effects
A: negative energy resistance 1, electricity resistance, unbreathing,
petrification resistance, rot immunity, AC +3
a: no special abilities


You were on level 4 of the Dungeon.
You were very hungry.

You visited 1 branch of the dungeon, and saw 4 of its levels.

You collected 167 gold pieces.

Inventory:

Hand Weapons
 a - a +0 flail (weapon)
Missiles
 o - 51 sling bullets
 r - 80 stones (quivered)
Armour
 c - a +0 shield (worn)
 p - a +0 chain mail (worn)
Jewellery
 t - an uncursed ring of stealth {unknown}
Scrolls
 b - a scroll of immolation {unknown}
 g - a scroll of remove curse {unknown}
 j - a scroll of teleportation {unknown}
 m - 2 scrolls of enchant armour {unknown}
 n - a scroll of enchant weapon {unknown}
 s - 3 scrolls of identify {unknown}
 w - a scroll of fear {unknown}
Potions
 d - 2 potions of might
 e - a potion of agility {unknown}
 h - a potion of resistance {unknown}
 i - 2 potions of degeneration {unknown}
 k - a potion of mutation {unknown}
 l - 2 potions of curing {unknown}
 q - a potion of magic {unknown}
 u - a potion of flight {unknown}
 v - a potion of brilliance {unknown}
 x - a potion of haste {unknown}
Comestibles
 f - a ration


   Skills:
 + Level 4.2 Fighting
 + Level 3.1 Maces & Flails
 + Level 4.2 Armour
 - Level 3.2 Shields


You had 3 spell levels left.
You didn't know any spells.
Your spell library was empty.

Dungeon Overview and Level Annotations

Branches:
Dungeon (4/15)
 Temple: D:4-7

Altars:
Fedhas
Yredelemnul


Innate Abilities, Weirdness & Mutations

You are resistant to torment.
Your stone body is resilient. (AC +3)
You are immune to poison.
You resist negative energy. (rN+)
You are resistant to electric shocks. (rElec)
You can survive without breathing.
You are immune to petrification.
You are immune to rotting.


Message History

You thump the iguana!
The iguana is heavily wounded.
The hound skeleton bites you but does no damage.
The iguana bites you.
The hound skeleton bites you but does no damage.
Your shield and chain mail prevent you from hitting the iguana.
The iguana is heavily wounded.
You block the iguana's attack.
The hound skeleton bites you but does no damage.
The iguana bites you!
* * * LOW HITPOINT WARNING * * *
Your chain mail prevents you from hitting the iguana.
The iguana is heavily wounded.
You block the hound skeleton's attack. The hound skeleton closely misses you.
The iguana bites you.
* * * LOW HITPOINT WARNING * * *
Your chain mail prevents you from hitting the iguana.
The iguana is heavily wounded.
The hound skeleton bites you.
You die...

#
#######.###
#..........
#..@.......
#..Zl......
#..........
##...###..#
#...# ##
..... .....
#....!.


You could see an iguana and a hound skeleton.

Vanquished Creatures
  4 gnolls
  A worm (D:3)
  A dart slug (D:1)
  A ball python (D:1)
  5 bats
  4 giant cockroaches
  5 goblins
  6 hobgoblins
  4 jackals (D:1)
  4 kobolds
  2 frilled lizards
  3 rats
40 creatures vanquished.

Notes
Turn   | Place    | Note
-------+----------+-------------------------------------------
     0 | D:1      | Yuikono the Gargoyle Fighter began the quest for the Orb.
     0 | D:1      | Reached XP level 1. HP: 14/14 MP: 1/1
   112 | D:1      | Reached XP level 2. HP: 18/19 MP: 2/2
   162 | D:1      | Reached XP level 3. HP: 20/24 MP: 3/3
   610 | D:2      | Reached XP level 4. HP: 29/29 MP: 4/4
   937 | D:2      | Found a blossoming altar of Fedhas.
  1419 | D:3      | Found a basalt altar of Yredelemnul.
  1885 | D:4      | Slain by a hound skeleton

Skill      XL: |  1  2  3  4 |
---------------+-------------+-----
Fighting       | 4 |  4.2
Armour         | 4 |  4.2
Maces & Flails | 3 |  3.1
Shields        | |  3.2

Action                   |  1- 3 |  4- 6 || total
-------------------------+-------+-------++-------
Melee: Flail             |    84 |    51 ||   135
  Eat: Chunk             |       |     2 ||     2
Armor: Scale mail        |    42 |       ||    42
       Chain mail        |     9 |    30 ||    39
Dodge: Dodged            |    26 |    14 ||    40
Block: Shield            |    61 |    15 ||    76
